 Dungeon Crawl Stone Soup version 0.31-a0-202-g547052bce9 (webtiles) character file.

Game seed: 5520655124366343394

24936 jlumianski the Nimble (level 13, -2/96 HPs)
             Began as a Djinni Fire Elementalist on June 24, 2023.
             Was a High Priest of Makhleb.
             Slain by an azure jelly (3 damage)
             ... summoned by an orange crystal statue
             ... in an ice cave on June 27, 2023.
             The game lasted 02:50:30 (16976 turns).

jlumianski the Nimble (Djinni Fire Elementalist)   Turns: 16976, Time: 02:50:30

Health: -2/96      AC: 11    Str:  5    XL:     13   Next: 46%
Gold:   1016       EV: 16    Int: 27    God:    Makhleb [*****.] SH:  0 Dex: 15

rFire   + + .        h - +2 lajatang (flame)
rCold   + . .        (shield currently unavailable)
rNeg    + . .        T - +0 troll leather armour
rPois   ∞            I - +2 helmet
rElec   .            n - +0 cloak of the Comet {rC++}
rCorr   +            q - +2 pair of gloves of Trumpets {+Inv rPois rN+ Str-2}
SInv    .            (boots unavailable)
Will    +....        d - amulet of the acrobat
Stlth   +++          u - +6 ring of intelligence
HPRegen 1.16/turn    A - ring of resist corrosion
MPRegen 0.00/turn

%: acrobat, infuse magic (-3 HP)
@: flying
A: sickness immunity, fire resistance 2, cold vulnerability 1, float, innate
caster, HP casting, extra vitality 1
a: Renounce Religion, Evoke Invisibility, Minor Destruction, Lesser Servant of
Makhleb, Major Destruction, Greater Servant of Makhleb


You were in an ice cave.
You worshipped Makhleb.
Makhleb was extremely pleased with you.
You visited 3 branches of the dungeon, and saw 16 of its levels.
You also visited: Ice Cave.

You collected 1661 gold pieces.
You spent 645 gold pieces at shops.

Inventory:

Hand Weapons
 h - a +2 lajatang of flaming (weapon)
Missiles
 x - 56 poisoned darts
 E - 5 throwing nets (quivered)
 G - a boomerang
 K - 8 silver boomerangs
 W - 4 datura-tipped darts
Armour
 j - a +2 robe of cold resistance
 n - the +0 cloak of the Comet (worn) {rC++}
   (You acquired it on level 2 of the Dungeon)

   rC:        It greatly protects you from cold.
 q - the +2 pair of gloves of Trumpets (worn) {+Inv rPois rN+ Str-2}
   (You acquired it on level 2 of the Dungeon)

   Str:       It affects your strength (-2).
   rPois:     It protects you from poison.
   rN:        It protects you from negative energy.
   +Inv:      It lets you turn invisible.
 I - a +2 helmet (worn)
 T - a +0 troll leather armour (worn)
Magical Staves
 U - a staff of conjuration
Jewellery
 d - an amulet of the acrobat (around neck)
 u - a +6 ring of intelligence (left hand)
 y - a ring of ice
 A - a ring of resist corrosion (right hand)
 R - a ring of protection from cold
 Z - a ring of positive energy
Wands
 D - a wand of charming (2)
 S - a wand of flame (15)
 Y - a wand of quicksilver (4)
Scrolls
 a - a scroll of identify
 k - a scroll of poison
 m - 6 scrolls of teleportation
 w - a scroll of fog
 N - a scroll of fear
 O - 2 scrolls of blinking
 V - a scroll of butterflies
Potions
 c - 2 potions of resistance
 f - 4 potions of haste
 g - a potion of invisibility
 i - a potion of brilliance
 p - 2 potions of cancellation
 r - a potion of berserk rage
 t - a potion of ambrosia
 z - a potion of heal wounds
 C - a potion of curing
 M - 5 potions of might


   Skills:
 * Level 10.1 Fighting
 - Level 2.6(3.5) Short Blades
 - Level 3.6(4.0) Long Blades
 - Level 6.0 Staves
 + Level 0.1 Throwing
 + Level 2.0 Armour
 * Level 11.2 Dodging
 - Level 6.7 Stealth
 * Level 8.0 Spellcasting
 * Level 8.0 Conjurations
 * Level 8.0 Hexes
 * Level 8.0 Summonings
 * Level 8.0 Necromancy
 * Level 8.0 Translocations
 * Level 8.0 Transmutations
 * Level 8.0 Fire Magic
 * Level 8.0 Ice Magic
 * Level 8.0 Air Magic
 * Level 8.0 Earth Magic
 * Level 8.0 Poison Magic
 * Level 7.2 Invocations
 * Level 2.4 Evocations


You knew the following spells:

 Your Spells              Type           Power      Damage    Failure   Level
a - Foxfire               Conj/Fire      100%       2x1d9     1%          1
b - Scorch                Fire           100%       2d9       1%          2
c - Volatile Blastmotes   Fire/Tloc      100%       2d18      1%          3
d - Inner Flame           Hex/Fire       52%        N/A       1%          3
e - Flame Wave            Conj/Fire      52%        2d13      3%          4
f - Sandblast             Erth           100%       2d20      1%          1
g - Lesser Beckoning      Tloc           100%       N/A       1%          2
h - Portal Projectile     Hex/Tloc       100%       N/A       1%          3
i - Summon Lightning Spi  Summ/Air       52%        N/A       3%          4
j - Lee's Rapid Deconstr  Erth           26%        3d14*     9%          5
k - Arcjolt               Conj/Air       26%        1d36      9%          5
Your spell library was empty.

Dungeon Overview and Level Annotations

Branches:
Dungeon (14/15)            Temple (1/1) D:5            Lair (1/5) D:9
    Orc (0/2) D:9           IceCv (1/1)
 Vaults: D:13-14

Altars:
Ashenzari
Cheibriados
Elyvilon
Fedhas
Gozag
Hepliaklqana
Makhleb
Nemelex Xobeh
Qazlal
Ru
Uskayaw
Wu Jian
Xom
Yredelemnul
Zin

Shops:
D:3 ?   D:5 (   D:12 [

Annotations:
IceCv exclusion: 2 orange crystal statues


Innate Abilities, Weirdness & Mutations

You are immune to sickness and miasma.
You are immune to poison.
Your flesh is very heat resistant. (rF++)
You are vulnerable to cold. (rC-)
You float through the air rather than walking.
You learn spells naturally, not from books.
Your magical power is your life essence.
You have superior vitality. (+4 MHP)


Message History

The azure jelly is lightly wounded.
The foxfire hits the azure jelly!
The azure jelly is burned terribly!
The azure jelly is lightly wounded.
The orange crystal statue fixes its piercing gaze on you.
You're too confused to cast spells.
Okay, then.
You feel better.
Casting: Foxfire (safe; 1% risk of failure)
Confirm with . or Enter, or press ? or * to list all spells.
An electric hum fills the air.
The azure jelly completely misses you. The azure jelly hits you.
The azure jelly freezes you!! You resist. The azure jelly misses you.
The azure jelly hits you.
Your lightning spire shoots out a bolt of lightning at the azure jelly!
The bolt of electricity hits the azure jelly!
Your lightning spire shoots out a bolt of lightning at the azure jelly!
The bolt of electricity hits the azure jelly! x2
The bolt of electricity hits your lightning spire.
Your lightning spire completely resists.
You catch the helpless azure jelly completely off-guard!
You hit the azure jelly but do no damage.
The azure jelly is heavily wounded.
The azure jelly hits you! The azure jelly freezes you! You resist.
The azure jelly barely misses you. The azure jelly hits you. x2
Your lightning spire shoots out a bolt of lightning at the azure jelly!
The bolt of electricity hits the azure jelly!
The bolt of electricity misses the azure jelly.
The bolt of electricity hits your lightning spire.
Your lightning spire completely resists.
You closely miss the azure jelly.
The azure jelly is severely wounded.
The azure jelly hits you. The azure jelly freezes you! You resist.
* * * LOW HITPOINT WARNING * * *
The azure jelly barely misses you. x2
The azure jelly hits you but does no damage.
The azure jelly completely misses you. The azure jelly hits you.
* * * LOW HITPOINT WARNING * * *
The azure jelly freezes you! You resist.
* * * LOW HITPOINT WARNING * * *
The azure jelly hits you.
You die...

### #..#
##..###
#..# #....#
##.##
##Z..# #..#
#...# #..##
##..#
##..## #.Z#
#...####..#
##...##8.J#
##..#...@#
#.......#
#......##
##.....#
##...##
#####


You could see an azure jelly (summoned, ally target), a great orb of eyes
simulacrum (summoned), a glowing shapeshifter simulacrum (summoned) and a
friendly lightning spire (summoned).

Vanquished Creatures
  Harold (D:10)
  Erolcha (D:9)
  Erica (D:10)
  2 two-headed ogres
  2 cyclopes
  2 manticores
  3 unseen horrors
  A rime drake (D:9)
  6 trolls
  A hornet (D:10)
  Prince Ribbit (D:6)
  Sigmund (D:2)
  6 slime creatures
  2 shadows (D:12)
  4 wyverns (D:11)
  2 wraiths
  9 yaks
  An unseen horror simulacrum (D:8)
  A basilisk (D:11)
  2 hogs (D:10)
  A human (D:13)
  A steam dragon (D:4)
  6 vampire mosquitoes
  4 acid dragons
  2 water moccasins
  3 orc warriors
  8 ice beasts
  2 great orb of eyes simulacra (IceCv)
  5 black bears (D:11)
  An ogre (D:4)
  3 wolves
  3 centaurs
  3 phantoms
  3 slime creature simulacra (IceCv)
  5 kobold brigands
  7 bullfrogs
  A scorpion (D:4)
  3 gnoll sergeants
  4 wights
  18 killer bees
  A howler monkey (D:4)
  7 electric eels
  A wyvern simulacrum (D:8)
  5 hounds
  3 gnoll boudas
  3 orc priests
  6 iguanas
  12 orc wizards
  A sleepcap (D:5)
  A centaur simulacrum (D:8)
  2 killer bee simulacra (D:8)
  23 gnolls
  8 adders
  2 shadow imps (D:10)
  3 white imps (D:8)
  A howler monkey simulacrum (D:8)
  An ufetubus (D:5)
  2 worms
  2 dart slugs
  23 orcs
  5 bats
  8 endoplasms
  6 giant cockroaches
  16 goblins
  9 hobgoblins
  5 jackals
  4 quokkas
  8 ball pythons
  5 frilled lizards
  33 kobolds
  7 kobold skeletons (D:10)
  8 kobold zombies (D:10)
  9 rats
362 creatures vanquished.

Vanquished Creatures (collateral kills)
  2 two-headed ogres
  A boulder beetle (D:13)
  Nergalle (D:10)
  A kobold demonologist (D:10)
  A merfolk (D:11)
  A polar bear (D:8)
  A hornet (D:8)
  A shadow (D:12)
  3 yaks (D:11)
  6 vampire mosquitoes
  4 orc warriors
  A black bear (D:11)
  An ogre (D:7)
  2 centaurs (D:11)
  4 kobold brigands
  A killer bee (D:11)
  A wyvern simulacrum (D:8)
  2 orc wizards (D:7)
  A howler monkey simulacrum (D:8)
  A white imp (D:8)
  5 orcs
  13 kobolds
  A kobold skeleton (D:10)
  2 kobold zombies (D:10)
57 creatures vanquished.

Vanquished Creatures (others)
  An orc (D:11)
  539 foxfires
540 creatures vanquished.

Grand Total: 959 creatures vanquished

Notes
Turn   | Place    | Note
-------+----------+-------------------------------------------
     0 | D:1      | jlumianski the Djinni Fire Elementalist began the quest for
                  | the Orb.
     0 | D:1      | jlumianski set off with the following spells memorised:
                  | Foxfire, Scorch, Volatile Blastmotes, Inner Flame, Flame
                  | Wave.
     0 | D:1      | Reached XP level 1. HP: 15/15 MP: 0/0
   135 | D:1      | Reached XP level 2. HP: 17/21 MP: 0/0
   344 | D:1      | Reached XP level 3. HP: 24/26 MP: 0/0
   344 | D:1      | Learned a level 1 spell: Sandblast
   624 | D:2      | Reached skill level 1 in Fighting
   624 | D:2      | Reached XP level 4. HP: 31/32 MP: 0/0
   653 | D:2      | Reached skill level 1 in Short Blades
   653 | D:2      | Reached skill level 3 in Dodging
   774 | D:2      | Noticed Sigmund
  1397 | D:2      | Reached XP level 5. HP: 38/38 MP: 0/0
  1397 | D:2      | Learned a level 2 spell: Lesser Beckoning
  1498 | D:2      | Killed Sigmund
  1499 | D:2      | Reached XP level 6. HP: 31/45 MP: 0/0
  1763 | D:2      | Identified 2 scrolls of acquirement
  1763 | D:2      | Acquired the +2 pair of gloves of Trumpets {+Inv rPois rN+
                  | Str-2}
  1770 | D:2      | Acquired the +0 cloak of the Comet {rC++}
  1867 | D:3      | Found Vuasi's Magic Scroll Shoppe.
  1873 | D:3      | Bought a scroll of identify for 28 gold pieces
  1874 | D:3      | Bought a scroll of teleportation for 42 gold pieces
  2017 | D:3      | Found a faded altar of an unknown god.
  2543 | D:3      | Reached XP level 7. HP: 37/50 MP: 0/0
  2543 | D:3      | Learned a level 3 spell: Portal Projectile
  2653 | D:3      | Reached skill level 1 in Long Blades
  2784 | D:5      | Entered Level 5 of the Dungeon
  2846 | D:4      | Found a hazy altar of Hepliaklqana.
  2846 | D:4      | Found a glowing silver altar of Zin.
  3035 | D:3      | Bought a scroll of brand weapon for 133 gold pieces
  3155 | D:4      | Reached XP level 8. HP: 56/57 MP: 0/0
  3208 | D:4      | Reached skill level 4 in Dodging
  4297 | D:5      | Found Arivolos's Hydra Hut.
  4299 | D:5      | Noticed an eight-headed hydra
  4312 | D:5      | Found a staircase to the Ecumenical Temple.
  4368 | Temple   | Entered the Ecumenical Temple
  4424 | Temple   | Became a worshipper of Makhleb the Destroyer
  4958 | D:6      | Noticed Prince Ribbit
  5349 | D:6      | Reached XP level 9. HP: 57/63 MP: 0/0
  5349 | D:6      | Learned a level 4 spell: Summon Lightning Spire
  5471 | D:6      | Reached skill level 5 in Dodging
  5628 | D:6      | Reached skill level 5 in Fighting
  6138 | D:6      | Killed Prince Ribbit
  6139 | D:6      | Reached skill level 5 in Stealth
  6447 | D:7      | Reached skill level 5 in Spellcasting
  6447 | D:7      | Reached skill level 5 in Conjurations
  6447 | D:7      | Reached skill level 5 in Hexes
  6447 | D:7      | Reached skill level 5 in Summonings
  6447 | D:7      | Reached skill level 5 in Necromancy
  6447 | D:7      | Reached skill level 5 in Translocations
  6447 | D:7      | Reached skill level 5 in Transmutations
  6447 | D:7      | Reached skill level 5 in Fire Magic
  6447 | D:7      | Reached skill level 5 in Ice Magic
  6447 | D:7      | Reached skill level 5 in Air Magic
  6447 | D:7      | Reached skill level 5 in Earth Magic
  6447 | D:7      | Reached skill level 5 in Poison Magic
  6640 | D:7      | Reached skill level 6 in Dodging
  6652 | D:7      | Reached * piety under Makhleb
  6841 | D:7      | Reached XP level 10. HP: 41/72 MP: 0/0
  6960 | D:7      | Reached skill level 7 in Dodging
  7876 | D:8      | Reached ** piety under Makhleb
  8076 | D:8      | Found a blossoming altar of Fedhas.
  8086 | D:8      | Found a sparkling altar of Nemelex Xobeh.
  8265 | D:8      | Reached skill level 1 in Invocations
  8677 | D:10     | Entered Level 10 of the Dungeon
  8739 | D:10     | Reached skill level 8 in Dodging
  8739 | D:10     | Reached XP level 11. HP: 49/79 MP: 0/0
  8739 | D:10     | Learned a level 5 spell: Lee's Rapid Deconstruction
  8939 | D:9      | Noticed Erolcha
  9033 | D:9      | Reached *** piety under Makhleb
  9624 | D:9      | Found a staircase to the Orcish Mines.
  9920 | D:9      | Noticed a two-headed ogre
  9936 | D:9      | Killed a two-headed ogre
  9937 | D:9      | Reached skill level 9 in Dodging
 10167 | D:9      | Found a staircase to the Lair.
 10171 | D:9      | Noticed a two-headed ogre
 10191 | D:9      | Killed a two-headed ogre
 10567 | D:9      | Killed Erolcha
 10736 | D:10     | Noticed Harold
 10743 | D:10     | Killed Harold
 11085 | D:5      | Bought a +1 lajatang of flaming for 442 gold pieces
 11181 | Lair:1   | Entered Level 1 of the Lair of Beasts
 11467 | D:10     | Noticed Nergalle
 11481 | D:10     | Killed Nergalle
 11627 | D:10     | Noticed Erica
 11633 | D:10     | Killed Erica
 11634 | D:10     | Reached skill level 1 in Staves
 11634 | D:10     | Reached XP level 12. HP: 75/88 MP: 0/0
 11937 | D:10     | Upgraded the game from 0.31-a0-196-g86fe4a5e66 to
                  | 0.31-a0-198-g2ad674f65e
 11977 | D:10     | Reached **** piety under Makhleb
 11998 | D:10     | Reached skill level 5 in Invocations
 12769 | D:10     | Reached skill level 10 in Dodging
 13482 | D:11     | Found a burning altar of Makhleb.
 14242 | D:11     | Reached ***** piety under Makhleb
 14246 | D:11     | Reached skill level 5 in Staves
 14791 | D:11     | Noticed a two-headed ogre
 14797 | D:11     | Killed a two-headed ogre
 14798 | D:11     | Reached skill level 1 in Armour
 15095 | D:11     | Noticed a two-headed ogre
 15099 | D:11     | Killed a two-headed ogre
 15100 | D:11     | Reached XP level 13. HP: 91/94 MP: 0/0
 15100 | D:11     | Learned a level 5 spell: Arcjolt
 15269 | D:11     | Upgraded the game from 0.31-a0-198-g2ad674f65e to
                  | 0.31-a0-202-g547052bce9
 15833 | D:12     | Reached skill level 11 in Dodging
 15988 | D:12     | Reached skill level 1 in Evocations
 16271 | D:12     | Found Nushrob's Armour Shop.
 16492 | D:13     | Noticed a vault guard
 16623 | D:13     | Reached skill level 10 in Fighting
 16738 | D:13     | Acquired 662 gold pieces
 16805 | D:14     | Found a frozen archway.
 16835 | IceCv    | Entered an ice cave
 16962 | IceCv    | Noticed an azure jelly
 16976 | IceCv    | HP: 1/96 [azure jelly[an orange crystal statue] (15)]
 16976 | IceCv    | Slain by an azure jelly

Illustrated notes

Levels and vault maps discovered:
D:1:      mrwooster_arrival_statue, layout_loops_ring, minmay_cupped
D:2:      layout_basic, uniq_sigmund
D:3:      layout_basic, serial_glass, glass_columns_b, glass_columns_b,
          glass_columns_a, glass_columns_b, glass_columns_b,
          chequers_ecumenical_altar_island, serial_shops, nicolae_shop_stone,
          corner_web_ring
D:4:      minmay_bubble_buster, layout_basic, jmf_multi_god_temple
D:5:      layout_layer_cave, temple_green, doesnt_shop_hydraphobe
D:6:      layout_loops_corners, uniq_prince_ribbit1
D:7:      layout_basic
D:8:      layout_basic, nemelex_altar_shiori, general_overflow_altar,
          serial_ice, serial_ice_d, serial_ice_e, serial_ice_o, serial_ice_j,
          serial_ice_f, serial_ice_h, serial_ice_a, serial_ice_c, serial_ice_n,
          serial_ice_g
D:9:      layout_loops_ring, lemuel_crystal_altar, hellmonk_lair_entry_icy,
          orc_0_dummy, uniq_erolcha
D:10:     wander_kiku_kobolds, layout_irregular_city, kb_lookout_dungeons_type,
          uniq_nergalle, uniq_harold, uniq_erica
D:11:     kennysheep_town
D:12:     layout_stronghold, serial_shops, shop
D:13:     layout_irregular_city, grunt_vaults_entry_fortified
D:14:     layout_loops_ring, lemuel_round_altar,
          portal_ice_cave_entry_pillars_1, minmay_rotating_lava
Temple:   nicolae_temple_bog_church
Lair:1:   layout_chaotic_city
IceCv:    ice_cave_hellmonk_azure_passage

Skill      XL: |  1  2  3  4  5  6  7  8  9 10 11 12 13 |
---------------+----------------------------------------+-----
Spellcasting   | 4 5 6 7 8 |  8.0
Conjurations   | 4 5 6 7 8 |  8.0
Hexes          | 4 5 6 7 8 |  8.0
Summonings     | 4 5 6 7 8 |  8.0
Necromancy     | 4 5 6 7 8 |  8.0
Translocations | 4 5 6 7 8 |  8.0
Transmutations | 4 5 6 7 8 |  8.0
Fire Magic     | 4 5 6 7 8 |  8.0
Ice Magic      | 4 5 6 7 8 |  8.0
Air Magic      | 4 5 6 7 8 |  8.0
Earth Magic    | 4 5 6 7 8 |  8.0
Poison Magic   | 4 5 6 7 8 |  8.0
Stealth        | 2 3 4 5 6 |  6.7
Fighting       | 1 2 3 4 6 7 8 9 10 | 10.1
Short Blades   | 1 2 |  2.6
Dodging        | 3 4 6 8 9 10 11 | 11.2
Long Blades    | 2 3 |  3.6
Invocations    | 1 4 6 7 |  7.2
Staves         | 1 5 6 |  6.0
Armour         | 1 2 |  2.0
Evocations     | 2 |  2.4
Throwing       | |  0.1

Action                     |  1- 3 |  4- 6 |  7- 9 | 10-12 | 13-15 || total
---------------------------+-------+-------+-------+-------+-------++-------
  Melee: Dagger            |     6 |    26 |       |       |       ||    32
         Great sword       |       |       |    55 |       |       ||    55
         Long sword        |       |       |    34 |   129 |       ||   163
         Punch             |       |       |     1 |     1 |       ||     2
         Lajatang          |       |       |       |   229 |    39 ||   268
         Staff             |       |       |       |       |     9 ||     9
  Throw: Dart              |       |       |     2 |     1 |       ||     3
         Throwing net      |       |       |       |     1 |       ||     1
   Cast: Foxfire           |    33 |    59 |    69 |   116 |    34 ||   311
         Scorch            |     1 |     1 |    20 |    69 |    56 ||   147
         Sandblast         |       |     2 |    17 |    11 |     2 ||    32
         Volatile Blastmot |       |     6 |    12 |    11 |       ||    29
         Portal Projectile |       |       |     1 |     1 |       ||     2
         Inner Flame       |       |       |     4 |     8 |       ||    12
         Flame Wave        |       |       |     4 |    13 |     5 ||    22
         Summon Lightning  |       |       |     3 |    18 |     4 ||    25
         Lee's Rapid Decon |       |       |       |    13 |     2 ||    15
         Lesser Beckoning  |       |       |       |     7 |       ||     7
         Arcjolt           |       |       |       |       |     1 ||     1
    Use: Potion            |       |     4 |     1 |     4 |     1 ||    10
         Scroll            |       |     4 |     6 |    15 |     5 ||    30
   Stab: Sleeping          |     1 |     5 |     3 |     5 |       ||    14
         Distracted        |       |       |       |     3 |     2 ||     5
 Armour: Robe              |     5 |     5 |    30 |   178 |       ||   218
         Troll leather arm |       |       |       |    22 |    47 ||    69
  Dodge: Dodged            |    10 |    58 |   114 |   605 |   147 ||   934

Table legend: (Time is in decaauts)
 A = Elapsed time spent in this place.
 B = Non-inter-level travel time spent in this place.
 C = Inter-level travel time spent in this place.
 D = Time resting spent in this place.
 E = Time spent auto-exploring this place.
 F = Levels seen in this place.
 G = Mean time per level.
                   A        B        C        D        E       F      G
               +--------+--------+--------+--------+--------+-----+--------+
         Total |  17176 |  16422 |    754 |   2765 |   7551 |  17 | 1010.4 |
       Dungeon |  16927 |  16174 |    753 |   2743 |   7502 |  14 | 1209.1 |
        Temple |    104 |    104 |      0 |      0 |     37 |   1 |  104.0 |
          Lair |      1 |      1 |      0 |      0 |      0 |   1 |    1.0 |
      Ice Cave |    142 |    142 |      0 |     22 |     12 |   1 |  142.0 |
               +--------+--------+--------+--------+--------+-----+--------+

Top non-repeatable levels by time:
    D:11: 2650 daAuts
    D:10: 2035 daAuts
     D:9: 1805 daAuts
     D:8: 1491 daAuts
     D:5: 1268 daAuts
     D:7: 1262 daAuts
     D:6: 1250 daAuts
     D:4: 1080 daAuts
    D:12: 1066 daAuts
     D:2: 923 daAuts
     D:1: 862 daAuts
     D:3: 770 daAuts
    D:13: 408 daAuts
   IceCv: 142 daAuts
  Temple: 104 daAuts
